 Dungeon Crawl Stone Soup version 0.21-a0 (webtiles) character file.

557 glasscannon the Conjurer (level 7, 36/36 HPs)
             Began as a Deep Elf Fire Elementalist on May 19, 2017.
             Quit the game on level 8 of the Dungeon.
             The game lasted 00:16:58 (4959 turns).

glasscannon the Conjurer (DEFE)                     Turns: 4959, Time: 00:16:58

Health: 36/36      AC:  3    Str:  5    XL:     7   Next: 9%
Magic:  11/16      EV: 14    Int: 22    God:
Gold:   190        SH:  0    Dex: 15    Spells: 7/15 levels left

rFire    . . .     SeeInvis .   b - +0 hunting sling
rCold    . . .     Gourm    .   (no shield)
rNeg     . . .     Faith    .   j - +0 robe
rPois    .         Spirit   .   (no helmet)
rElec    .         Reflect  .   (no cloak)
rCorr    .         Harm     .   g - +0 pair of gloves
MR       .....                  (no boots)
Stlth    +++.......             r - amulet of regeneration
Regen    0.6/turn               (no ring)
MPRegen  0.2/turn               (no ring)

@: no status effects
A: no striking features
a: no special abilities


You were on level 8 of the Dungeon.
You were hungry.

You visited 1 branch of the dungeon, and saw 6 of its levels.

You collected 190 gold pieces.

Inventory:

Hand Weapons
 a - a +0 trident
 b - a +0 hunting sling (weapon)
Missiles
 e - 5 javelins (quivered)
Armour
 g - a +0 pair of gloves (worn)
 j - a +0 robe (worn)
Jewellery
 n - an uncursed ring of ice {unknown}
 q - an uncursed ring of protection from magic {unknown}
 r - an amulet of regeneration (around neck)
Scrolls
 d - a scroll of immolation {unknown}
 i - 2 scrolls of identify
 m - 2 scrolls of blinking
 o - 2 scrolls of teleportation {unknown}
 p - a scroll of enchant weapon
Potions
 h - a potion of heal wounds {unknown}
 l - a potion of cancellation {unknown}
 s - 2 potions of curing {unknown}
 t - a potion of resistance {unknown}
 w - 2 potions of might {unknown}
 z - a potion of flight {unknown}
Books
 u - a book of Flames

   Spells                             Type                      Level
   a - Flame Tongue                   Conjuration/Fire             1
   b - Throw Flame                    Conjuration/Fire             2
   c - Conjure Flame                  Conjuration/Fire             3
   d - Inner Flame                    Hexes/Fire                   3
   e - Sticky Flame                   Conjuration/Fire             4
   f - Fireball                       Conjuration/Fire             5
Comestibles
 c - 2 bread rations
 k - a meat ration
 A - 6 fruits


   Skills:
 - Level 4.1 Dodging
 - Level 4.4 Stealth
 + Level 4.8 Spellcasting
 + Level 5.3 Conjurations
 + Level 4.5 Fire Magic


You had 7 spell levels left.
You knew the following spells:

 Your Spells              Type           Power        Failure   Level  Hunger
a - Flame Tongue          Conj/Fire      ####.        1%          1    None
b - Conjure Flame         Conj/Fire      ####....     4%          3    ##.....
c - Sticky Flame          Conj/Fire      ####....     13%         4    ####...


Dungeon Overview and Level Annotations

Branches:
Dungeon (8/15)
 Temple: D:4-7         Lair: D:8-11

Altars:
Kikubaaqudgha
Zin

Shops:
D:5 [

Annotations:
D:5 Edmund
D:8 Joseph


Message History

Press: ? - help, Shift-Dir - straight line, f/p - orc
Aim: an orc, wielding a club (heavily wounded)
The flame tongue hits the orc.
You kill the orc!
Casting: Flame Tongue
Confirm with . or Enter, or press ? or * to list all spells.
Aiming: Flame Tongue
Press: ? - help, Shift-Dir - straight line, f - leopard gecko
Aim: a leopard gecko (clinging)
The flame tongue hits the leopard gecko.
You kill the leopard gecko!
Casting: Flame Tongue
Confirm with . or Enter, or press ? or * to list all spells.
You can't see any susceptible monsters within range! (Use Z to cast anyway.)
Casting: Flame Tongue
Confirm with . or Enter, or press ? or * to list all spells.
You can't see any susceptible monsters within range! (Use Z to cast anyway.)
Things that are here:
a flail; an orc corpse Are you sure you want to abandon this character and quit the game? (Confirm with "yes".)

#..##########...#..#.....#
............†.....)+.......
#.#....$.#####..##(#.....##
..#......... ##(...#.....#
#.........###..######+##
#####.....'....#
#.....####.###
#.######..)..#
#.......@#.).#
#.......##..# #........
.... ###.........###
............ .........###..
.........# ... .........#


There were no monsters in sight!

Vanquished Creatures
  An ogre (D:5)
  A scorpion (D:4)
  An orc priest (D:3)
  A centaur skeleton (D:4)
  3 orc wizards
  8 gnolls
  4 adders (D:2)
  A shadow imp (D:5)
  An ooze (D:2)
  5 worms
  5 dart slugs
  3 leopard geckos
  25 orcs
  3 ball pythons
  5 giant cockroaches
  9 goblins
  7 hobgoblins
  12 jackals
  6 kobolds
  2 quokkas
  6 bats
  4 frilled lizards
  6 rats
119 creatures vanquished.

Vanquished Creatures (others)
  A rat (D:1)
1 creature vanquished.

Grand Total: 120 creatures vanquished

Notes
Turn   | Place    | Note
-------+----------+-------------------------------------------
     0 | D:1      | glasscannon the Deep Elf Fire Elementalist began the quest for the Orb.
     0 | D:1      | Reached XP level 1. HP: 10/10 MP: 6/6
   216 | D:1      | Reached XP level 2. HP: 9/15 MP: 0/8
   660 | D:1      | Reached skill level 2 in Conjurations
   887 | D:1      | Reached XP level 3. HP: 18/19 MP: 4/9
  1324 | D:2      | Learned a level 3 spell: Conjure Flame
  1390 | D:2      | Reached XP level 4. HP: 21/24 MP: 4/10
  1475 | D:2      | Reached skill level 3 in Conjurations
  1627 | D:2      | Found an ancient bone altar of Kikubaaqudgha.
  1978 | D:2      | Reached XP level 5. HP: 21/28 MP: 5/11
  2475 | D:3      | Reached skill level 4 in Conjurations
  2990 | D:3      | Learned a level 4 spell: Sticky Flame
  3250 | D:3      | Reached XP level 6. HP: 32/32 MP: 5/13
  3712 | D:4      | Found a glowing silver altar of Zin.
  3733 | D:5      | Entered Level 5 of the Dungeon
  3733 | D:5      | Noticed Edmund
  4178 | D:5      | Found Uwkoeh's Armour Boutique.
  4363 | D:5      | Reached skill level 5 in Conjurations
  4514 | D:5      | Reached XP level 7. HP: 36/36 MP: 9/16
  4806 | D:5      | You fall through a shaft for 3 floors!
  4912 | D:8      | Noticed Joseph
  4959 | D:8      | Quit the game

Vault maps used:
D:1:      saegor_arrival_miasma
D:2:      overflow_temple_1_default, first_bread
D:4:      wad_pebble_path, overflow_temple_1_default, guppyfry_early_orc_mine
D:5:      serial_shops, kennysheep_mini_moat, uniq_edmund
D:8:      kennysheep_ambush_hall, uniq_joseph

Skill      XL: |  1  2  3  4  5  6 |
---------------+-------------------+-----
Conjurations   | 2 3 4 5 |  5.3
Stealth        | 3 4 |  4.4
Dodging        | 3 4 |  4.1
Spellcasting   | 4 |  4.8
Fire Magic     | 4 |  4.5

Action                   |  1- 3 |  4- 6 |  7- 9 || total
-------------------------+-------+-------+-------++-------
Melee: Spear             |       |     2 |       ||     2
 Fire: Hunting sling     |       |    23 |       ||    23
 Cast: Flame Tongue      |    62 |   163 |    34 ||   259
       Conjure Flame     |       |     5 |       ||     5
       Sticky Flame      |       |     1 |       ||     1
  Use: Scroll            |     1 |     4 |       ||     5
 Stab: Sleeping          |       |     1 |       ||     1
  Eat: Chunk             |     1 |     7 |     2 ||    10
       Royal jelly       |       |     1 |       ||     1
Armor: Robe              |     8 |    10 |       ||    18
Dodge: Dodged            |    33 |    38 |     6 ||    77
